 Dungeon Crawl Stone Soup version 0.28.0-53-g5a82cb258f (webtiles) character file.

Game seed: 14272110510131446665

64 Revguard the Chopper (level 3, 0/27 HPs)
             Began as a Demonspawn Gladiator on June 14, 2022.
             Slain by Crazy Yiuf
             ... wielding a +2 quarterstaff of chaos
              (9 damage)
             ... on level 2 of the Dungeon.
             The game lasted 00:03:10 (1906 turns).

Revguard the Chopper (Demonspawn Gladiator)         Turns: 1906, Time: 00:03:10

Health: 0/27       AC:  9    Str: 16    XL:     3   Next: 91%
Magic:  4/4        EV: 12    Int:  9    God:
Gold:   112        SH:  0    Dex: 16    Spells: 2/2 levels left

rFire   . . .      SeeInvis .   a - +0 war axe
rCold   + + .      Faith    +   (no shield)
rNeg    . . .      Spirit   .   h - +0 chain mail
rPois   .          Reflect  .   c - +0 helmet
rElec   .          Harm     .   (no cloak)
rCorr   +          Rampage  .   (no gloves)
Will    .....                   (no boots)
Stlth   ..........              i - amulet "Toobocw" {Faith Fragile +Blink rC++ rCorr}
HPRegen 0.09/turn               (no ring)
MPRegen 0.09/turn               (no ring)

@: agile
A: thin skeletal structure 1, powered by pain 1
a: Evoke Blink


You were on level 2 of the Dungeon.
You visited 1 branch of the dungeon, and saw 2 of its levels.

You collected 112 gold pieces.

Inventory:

Hand Weapons
 a - a +0 war axe (weapon)
Missiles
 d - 2 throwing nets (quivered)
Armour
 b - a +0 leather armour
 c - a +0 helmet (worn)
 h - a +0 chain mail (worn)
Jewellery
 i - the amulet "Toobocw" (around neck) {Faith Fragile +Blink rC++ rCorr}
   (You found it on level 2 of the Dungeon)

   [amulet of faith]

   It allows you to gain divine favour quickly.
   rC:        It greatly protects you from cold.
   +Blink:    It lets you blink.
   rCorr:     It protects you from acid and corrosion.
   Fragile:   It will be destroyed if unequipped.
Scrolls
 e - 3 scrolls of vulnerability
 f - 3 scrolls of identify {unknown}
 j - a scroll of enchant weapon {unknown}
 k - 2 scrolls of fog {unknown}
Potions
 g - a potion of resistance {unknown}


   Skills:
 + Level 2.3 Fighting
 * Level 3.2 Axes
 - Level 1.7 Throwing
 * Level 1.3 Armour
 + Level 2.9 Dodging
 + Level 0.2 Shields
 * Level 2.2 Invocations


You had 2 spell levels left.
You didn't know any spells.
Your spell library was empty.

Dungeon Overview and Level Annotations

Branches:
Dungeon (2/15)

Altars:

Annotations:
D:2 Crazy Yiuf


Innate Abilities, Weirdness & Mutations

You have a somewhat thin skeletal structure. (Dex +2, Stealth+)
You sometimes gain a little power by taking damage.


Message History

You slash the kobold!
You kill the kobold!
You see here a +0 short sword.
Found a mace.
Found a runed translucent door.
Crazy Yiuf laughs, "Iron!"
You open the door.
Throw: 3 throwing nets
Press: ? - help, Q - select action, (/) - cycle Shift-Dir - straight line, f - Crazy Yiuf
Aim: Crazy Yiuf, wielding a +2 quarterstaff of chaos and wearing a +0 cloak (64% to hit)
You throw a throwing net. The throwing net hits Crazy Yiuf.
Crazy Yiuf is caught in the net!
Crazy Yiuf struggles against the net.
You hit Crazy Yiuf but do no damage.
Crazy Yiuf laughs, "Candle!"
Crazy Yiuf struggles against the net. x2
You hit Crazy Yiuf.
Crazy Yiuf is lightly wounded.
Crazy Yiuf struggles against the net.
You slash Crazy Yiuf!
Crazy Yiuf is heavily wounded.
Crazy Yiuf struggles against the net.
The net rips apart, and Crazy Yiuf comes free!
You closely miss Crazy Yiuf.
Crazy Yiuf is heavily wounded.
Crazy Yiuf hits you but does no damage.
You hit Crazy Yiuf but do no damage.
Crazy Yiuf is heavily wounded.
Crazy Yiuf hits you with a +2 quarterstaff of chaos!
You focus on the pain.
You feel agile all of a sudden. Crazy Yiuf burns you.
Crazy Yiuf barely misses you.
You hit Crazy Yiuf but do no damage.
Crazy Yiuf is heavily wounded.
Crazy Yiuf says, "Whiteboard sanguine mumblescurry!"
Crazy Yiuf hits you with a +2 quarterstaff of chaos.
You hit Crazy Yiuf.
Crazy Yiuf is severely wounded.
Crazy Yiuf hits you with a +2 quarterstaff of chaos!
You convulse!
You die...

#..#........#.......## ##.#
#....######..).......###.##
####.#.## ###.#######.#.##
.....#.# ### ##.## ######.#
#.# ######.# #.## .......#
### ♣♣##..# #####..#
#)..#♣♣ ♣♣..#..# ..
#...g@♣♣♣♣.P....# ##
#...#♣..♣......## .# ###
♣♣♣.♣.P.#.# .# ♣♣♣♣♣##.# .#
#.# .# ## ### #.# .# #. #.#
#.# .# #. #.# ##.# .####
#.######.###..#


You could see Crazy Yiuf.

Vanquished Creatures
  2 adders (D:2)
  A worm (D:2)
  A dart slug (D:1)
  4 ball pythons
  An endoplasm (D:2)
  2 giant cockroaches
  7 goblins
  8 hobgoblins
  A quokka (D:1)
  A bat (D:1)
  A frilled lizard (D:2)
  6 kobolds
  3 rats (D:2)
38 creatures vanquished.

Vanquished Creatures (others)
  A fungus (D:1)
1 creature vanquished.

Grand Total: 39 creatures vanquished

Notes
Turn   | Place    | Note
-------+----------+-------------------------------------------
     0 | D:1      | Revguard the Demonspawn Gladiator began the quest for the
                  | Orb.
     0 | D:1      | Reached XP level 1. HP: 16/16 MP: 1/1
    61 | D:1      | Found a faded altar of an unknown god.
   240 | D:1      | Reached skill level 1 in Invocations
   268 | D:1      | Gained mutation: You sometimes gain a little power by
                  | taking damage. [demonic ancestry]
   268 | D:1      | Reached XP level 2. HP: 18/22 MP: 2/2
   561 | D:1      | Reached skill level 3 in Axes
   565 | D:1      | Reached skill level 1 in Armour
  1030 | D:2      | Gained mutation: You have a somewhat thin skeletal
                  | structure. (Dex +2, Stealth+) [demonic ancestry]
  1030 | D:2      | Reached XP level 3. HP: 26/27 MP: 4/4
  1340 | D:2      | Identified the amulet "Toobocw" {Faith Fragile +Blink rC++
                  | rCorr}
  1894 | D:2      | Found a runed translucent door.
  1895 | D:2      | Noticed Crazy Yiuf
  1906 | D:2      | Slain by Crazy Yiuf

Illustrated notes

Levels and vault maps discovered:
D:1:      dpeg_arrival_simpleton_b, layout_basic,
          dreamdust_ecumenical_altar_grove
D:2:      layout_loops_ring, hex_medium, st_stairs_13, uniq_crazy_yiuf_cottage

Skill      XL: |  1  2  3 |
---------------+----------+-----
Invocations    | 1 2 |  2.2
Axes           | 3 |  3.2
Armour         | 1 |  1.3
Fighting       | |  2.3
Throwing       | |  1.7
Dodging        | |  2.9
Shields        | |  0.2

Action                   || total
-------------------------++-------
Melee: War axe           ||   105
Throw: Throwing net      ||     1
  Use: Scroll            ||     2
       Potion            ||     1
 Stab: Sleeping          ||     2
Armor: Leather armour    ||    20
       Chain mail        ||    12
Dodge: Dodged            ||    58
